 Dungeon Crawl Stone Soup version 0.26-a0-958-gf3041fb45f (webtiles) character file.

Game seed: 6455757049448474984

149 Dracia the Ruffian (level 5, -1/40 HPs)
             Began as a Draconian Transmuter on Dec 1, 2020.
             Slain by a sky beast (6 damage)
             ... on level 3 of the Dungeon.
             The game lasted 00:03:54 (2496 turns).

Dracia the Ruffian (Draconian Transmuter)           Turns: 2496, Time: 00:03:55

Health: -1/40      AC:  5    Str: 13    XL:     5   Next: 9%
Magic:  6/8        EV: 12    Int: 13    God:
Gold:   95         SH:  0    Dex: 12    Spells: 2/8 levels left

rFire    . . .     SeeInvis .     - Unarmed
rCold    . . .     Faith    .   (no shield)
rNeg     . . .     Spirit   .   (armour unavailable)
rPois    .         Reflect  .   (helmet restricted)
rElec    .         Harm     .   (no cloak)
rCorr    .         Rampage  .   (no gloves)
MR       .....                  (no boots)
Stlth    +.........             (no amulet)
HPRegen  0.13/turn              (no ring)
MPRegen  0.11/turn              (no ring)

@: wereblooded
A: unfitting armour, cold-blooded, AC +5
a: no special abilities


You were on level 3 of the Dungeon.
You visited 1 branch of the dungeon, and saw 3 of its levels.

You collected 95 gold pieces.


Innate Abilities, Weirdness & Mutations

Your plain brown scales are hard. (AC +5)
You cannot fit into any form of body armour.
You are cold-blooded and may be slowed by cold attacks.


   Skills:
 - Level 1.1 Fighting
 - Level 1.7 Dodging
 + Level 4.6 Unarmed Combat
 - Level 2.0 Spellcasting
 + Level 4.0 Transmutations


You had 2 spell levels left.
You knew the following spells:

 Your Spells              Type           Power        Failure   Level
a - Beastly Appendage     Tmut           ##....       4%          1
b - Wereblood             Tmut           ##......     8%          2
c - Spider Form           Tmut/Pois      #.........   32%         3

Your spell library contained the following spells:

 Spells                   Type           Power        Failure   Level
 Ice Form                 Ice/Tmut       #.......     73%         4
 Blade Hands              Tmut           ##........   80%         5

Inventory:

Wands
 d - a wand of digging (4)
Scrolls
 a - a scroll of teleportation {@r4}
Potions
 b - 2 potions of lignification {unknown}
 c - 2 potions of attraction {unknown}
 e - a potion of heal wounds {unknown}
 f - a potion of degeneration {unknown}

Dungeon Overview and Level Annotations

Branches:
Dungeon (3/15)

Altars:

.......##.....#..#
..............)).#
...........####.#
###.......(.)..#.#
.........!.).))#+#.#
#.........#).รท...#
#####.........#......#
.........$.####......#
......$.@..# ##.#+#$#
.......Y...# #.# #
...........# ...
...........# #..
....>......# ..##
..>........#
####........
#.......#.


You could see a sky beast.


Message History

No target in view!
No target in view!
Unknown command.
You barely miss something. You headbutt something. Something hits you.
Something shocks you.
You miss something. You miss something. Something hits you but does no damage.
You miss something. Something barely misses you.
You hit something. You claw something. Something hits you.
Something shocks you.
* * * LOW HITPOINT WARNING * * *
You hit something. Something hits you.
* * * LOW HITPOINT WARNING * * *
Something shocks you.
* * * LOW HITPOINT WARNING * * *
You hit something. Something hits you but does no damage.
You miss something. Something hits you but does no damage.
You closely miss something.
A sky beast appears from thin air!
Reactivating autopickup.
The sky beast hits you.
* * * LOW HITPOINT WARNING * * *
The sky beast shocks you.
* * * LOW HITPOINT WARNING * * *
You hit the sky beast. You claw the sky beast.
The sky beast is almost dead.
Your horns disappear.
Your talons disappear.
The sky beast hits you.
* * * LOW HITPOINT WARNING * * *
The sky beast shocks you.
You die...

Skill      XL: |  1  2  3  4  5 |
---------------+----------------+-----
Unarmed Combat | 4 |  4.6
Transmutations | 3 4 |  4.0
Fighting       | |  1.1
Dodging        | |  1.7
Spellcasting   | |  2.0

Action                   |  1- 3 |  4- 6 || total
-------------------------+-------+-------++-------
Melee: Unarmed           |    80 |    65 ||   145
       Tailslap          |     6 |     1 ||     7
       Headbutt          |     8 |     8 ||    16
       Kick              |     8 |    10 ||    18
       Punch             |     1 |       ||     1
 Cast: Beastly Appendage |     5 |     5 ||    10
       Wereblood         |     1 |     4 ||     5
  Use: Scroll            |     1 |       ||     1
       Potion            |     3 |       ||     3
Armor: Skin              |    17 |    15 ||    32
Dodge: Dodged            |    49 |    42 ||    91

Levels and vault maps discovered:
D:1:      dpeg_arrival_solitude, layout_basic
D:2:      layout_basic, chequers_serial_rivers_marsh, minivault_11, uniq_terence
D:3:      layout_basic, nicolae_overflow_crystal_walls, uniq_crazy_yiuf_cottage,
          uniq_robin

Notes
Turn   | Place    | Note
-------+----------+-------------------------------------------
     0 | D:1      | Dracia the Draconian Transmuter began the quest for the
                  | Orb.
     0 | D:1      | Reached XP level 1. HP: 16/16 MP: 3/3
   343 | D:1      | Reached XP level 2. HP: 23/23 MP: 5/5
  1053 | D:2      | Reached XP level 3. HP: 11/28 MP: 6/6
  1055 | D:2      | Identified a potion of resistance
  1074 | D:2      | HP: 2/28 [poisoned by an adder]
  1082 | D:2      | HP: 1/28 [poisoned by an adder]
  1410 | D:2      | Learned a level 2 spell: Wereblood
  1414 | D:2      | Learned a level 3 spell: Spider Form
  1452 | D:2      | Noticed Terence
  1479 | D:2      | Killed Terence
  1480 | D:2      | Reached skill level 4 in Unarmed Combat
  1480 | D:2      | Reached skill level 3 in Transmutations
  1707 | D:2      | Reached XP level 4. HP: 35/35 MP: 7/7
  2267 | D:3      | Noticed Robin
  2290 | D:3      | Killed Robin
  2292 | D:3      | Reached XP level 5. HP: 34/40 MP: 5/8
  2308 | D:3      | Reached skill level 4 in Transmutations
  2475 | D:3      | Noticed a sky beast
  2496 | D:3      | Slain by a sky beast

Vanquished Creatures
  An orc wizard (D:3)
  Terence (D:2)
  Robin (D:3)
  3 adders
  A dart slug (D:1)
  5 orcs
  A bat (D:2)
  A giant cockroach (D:1)
  8 hobgoblins
  4 kobolds
  5 frilled lizards
  11 goblins
  7 rats
49 creatures vanquished.

Table legend: (Time is in decaauts)
 A = Elapsed time spent in this place.
 B = Non-inter-level travel time spent in this place.
 C = Inter-level travel time spent in this place.
 D = Time resting spent in this place.
 E = Time spent auto-exploring this place.
 F = Levels seen in this place.
 G = Mean time per level.
                   A        B        C        D        E       F      G
               +--------+--------+--------+--------+--------+-----+--------+
         Total |   2487 |   2401 |     86 |    319 |   1780 |   3 |  829.0 |
       Dungeon |   2487 |   2401 |     86 |    319 |   1780 |   3 |  829.0 |
               +--------+--------+--------+--------+--------+-----+--------+

Top non-repeatable levels by time:
     D:2: 1125 daAuts
     D:1: 933 daAuts
     D:3: 428 daAuts

Table legend:
 A = Non-vault XP
 B = Vault XP
 C = Vault XP percentage of total XP
 D = Non-vault monster count
 E = Vault monster count
 F = Vault count percentage of total count
                 A         B        C        D         E       F
            +---------+---------+-------+---------+---------+-------
      Total |     142 |      72 |  33.6 |      37 |      12 |  24.5
            +---------+---------+-------+---------+---------+-------
        D:1 |      19 |       0 |   0.0 |      12 |       0 |   0.0
        D:2 |      44 |      36 |  45.0 |      12 |       1 |   7.7
        D:3 |      79 |      36 |  31.3 |      13 |      11 |  45.8
            +---------+---------+-------+---------+---------+-------
